 Dungeon Crawl Stone Soup version 0.24-a0-333-g864f2b5 (webtiles) character file.

Game seed: 1967507267531345228

735 Borgoz the Ducker (level 8, 0/52 HPs)
             Began as a Halfling Gladiator on May 17, 2019.
             Slain by an iron imp (4 damage)
             ... summoned by Eustachio
             ... on level 4 of the Dungeon.
             The game lasted 00:06:21 (3498 turns).

Borgoz the Ducker (Halfling Gladiator)              Turns: 3498, Time: 00:06:22

Health: 0/52       AC:  4    Str: 16      XL:     8   Next: 4%
Magic:  8/8        EV: 18    Int:  6      God:
Gold:   168        SH:  0    Dex: 15 (17) Spells: 7/7 levels left

rFire    + . .     SeeInvis .   b - +3 short sword (drain)
rCold    + . .     Gourm    .   (shield restricted)
rNeg     + . .     Faith    .   p - +0 leather armour
rPois    +         Spirit   .   c - +0 helmet
rElec    +         Reflect  .   (no cloak)
rCorr    +         Harm     .   (no gloves)
MR       .....                  (no boots)
Stlth    +.........             (no amulet)
HPRegen  0.17/turn              h - ring of positive energy
MPRegen  0.11/turn              (no ring)

@: resistant, very slightly contaminated
A: small, mutation resistance 1
a: no special abilities


You were on level 4 of the Dungeon.
You were not hungry.

You visited 1 branch of the dungeon, and saw 4 of its levels.

You collected 168 gold pieces.

Inventory:

Hand Weapons
 a - a +0 long sword
 b - a +3 short sword of draining (weapon)
Armour
 c - a +0 helmet (worn)
 p - a +0 leather armour (worn)
Jewellery
 h - a ring of positive energy (left hand)
 o - a cursed amulet of the acrobat {unknown}
 u - an uncursed ring of positive energy
Wands
 s - a wand of flame (8)
Scrolls
 g - 2 scrolls of teleportation {unknown}
 i - 2 scrolls of identify {unknown}
 j - 2 scrolls of immolation {unknown}
 k - 5 scrolls of amnesia {unknown}
 l - a scroll of remove curse {unknown}
 n - a scroll of random uselessness {unknown}
Potions
 d - a potion of resistance
 q - a potion of haste
 r - a potion of lignification {unknown}
 t - a potion of brilliance {unknown}
 w - a potion of mutation {unknown}
Comestibles
 f - 8 rations


   Skills:
 + Level 3.5 Fighting
 * Level 5.8 Long Blades
 - Level 2.0 Throwing
 + Level 3.5 Armour
 + Level 5.8 Dodging


You had 7 spell levels left.
You didn't know any spells.
Your spell library was empty.

Dungeon Overview and Level Annotations

Branches:
Dungeon (4/15)
 Temple: D:4-7

Altars:
Yredelemnul

Annotations:
D:3 2 transporters
D:4 Eustachio, Robin


Innate Abilities, Weirdness & Mutations

You are small and have problems with some larger weapons.
You are somewhat resistant to further mutation.


Message History

The iron imp hits you.
* * * LOW HITPOINT WARNING * * *
Eustachio mumbles some strange words.
Eustachio blinks!
You puncture the orc priest!
You kill the orc priest!
The bat completely misses you. The bat hits you but does no damage.
The iron imp hits you!
* * * LOW HITPOINT WARNING * * *
The iron imp barely misses you.
You closely miss the iron imp. The bat closely misses you.
The bat barely misses you. x2
Eustachio gestures wildly while chanting.
The bat closely misses you.
You hit the iron imp.
The iron imp is moderately wounded.
The bat misses you. The bat closely misses you. The bat misses you.
The bat hits you but does no damage. The iron imp misses you.
The iron imp hits you.
You die...

. .. #################
...
##..##...#.....5#####....
....#....'.....b@bg...@..
....#....#.....5#br......
..######.#...####o###....
#'######.###'# #.).# ..
......#....###
##))Z...... ......#....#
##.#.o$... ..##..'....#
#.#.....# ..##..#....#
#.# ...## ......#...##
#.. .....


You could see Eustachio, 2 iron imps, Robin, a river rat, an orc, 3 bats and a
quokka skeleton.

Vanquished Creatures
  A hippogriff (D:4)
  Sigmund (D:2)
  Purgy (D:3)
  Blork the orc (D:4)
  A scorpion (D:4)
  An orc priest (D:4)
  3 gnolls (D:4)
  6 adders
  3 worms
  2 dart slugs
  3 leopard geckos
  2 orcs
  2 giant cockroaches
  16 goblins
  7 hobgoblins
  4 jackals (D:3)
  8 kobolds
  2 quokkas
  6 bats
  8 frilled lizards
  3 rats
  A spectral orc (D:2)
82 creatures vanquished.

Notes
Turn   | Place    | Note
-------+----------+-------------------------------------------
     0 | D:1      | Borgoz the Halfling Gladiator began the quest for the Orb.
     0 | D:1      | Reached XP level 1. HP: 14/14 MP: 1/1
   237 | D:1      | Reached XP level 2. HP: 14/19 MP: 2/2
   832 | D:2      | Reached XP level 3. HP: 24/24 MP: 3/3
  1024 | D:2      | Reached skill level 1 in Armour
  1188 | D:2      | Reached XP level 4. HP: 14/29 MP: 4/4
  1677 | D:2      | Noticed Sigmund
  1689 | D:2      | Killed Sigmund
  1689 | D:2      | Reached XP level 5. HP: 15/35 MP: 5/5
  1689 | D:2      | Reached XP level 6. HP: 18/41 MP: 6/6
  1726 | D:2      | Found a basalt altar of Yredelemnul.
  2145 | D:3      | Reached skill level 5 in Dodging
  2317 | D:3      | Noticed Purgy
  2333 | D:3      | Killed Purgy
  2521 | D:3      | Found a transporter.
  2526 | D:3      | Found a transporter.
  2846 | D:3      | Reached XP level 7. HP: 45/45 MP: 7/7
  2933 | D:4      | Noticed Blork the orc
  2945 | D:4      | Killed Blork the orc
  2945 | D:4      | Reached skill level 5 in Long Blades
  3168 | D:4      | Noticed a hippogriff
  3176 | D:4      | Killed a hippogriff
  3440 | D:4      | Identified the +1 helmet of the Evening {+Inv rC+ rCorr
                  | SInv}
  3440 | D:4      | Noticed Robin
  3451 | D:4      | Noticed Eustachio
  3470 | D:4      | Reached XP level 8. HP: 26/52 MP: 8/8
  3498 | D:4      | Slain by an iron imp

Levels and vault maps discovered:
D:1:      lordsloth_arrival_two_stooges, layout_basic
D:2:      layout_loops_ring, yredelemnul_forgotten_temple_becter, first_ration,
          uniq_sigmund
D:3:      gammafunk_wand_slinger, layout_loops_ring, kennysheep_generic_room_8,
          uniq_purgy
D:4:      layout_gridville, grunt_gozag_breadcrumbs,
          chequers_temple_overflow_minitemple, temple_green, uniq_robin,
          uniq_eustachio, uniq_blork_the_orc

Skill      XL: |  1  2  3  4  5  6  7 |
---------------+----------------------+-----
Fighting       | 2 3 |  3.5
Armour         | 1 2 3 |  3.5
Dodging        | 4 5 |  5.8
Long Blades    | 4 5 |  5.8
Throwing       | |  2.0

Action                   |  1- 3 |  4- 6 |  7- 9 || total
-------------------------+-------+-------+-------++-------
Melee: Long sword        |    54 |       |       ||    54
       Short sword       |    12 |   111 |    85 ||   208
Throw: Throwing net      |       |     3 |       ||     3
Evoke: Wand              |       |     1 |       ||     1
  Use: Potion            |       |     1 |     3 ||     4
 Stab: Held in net/web   |       |     4 |       ||     4
       Sleeping          |       |     2 |       ||     2
       Invisible         |       |       |     4 ||     4
  Eat: Chunk             |     1 |     5 |     2 ||     8
Armor: Leather armour    |    11 |    19 |    24 ||    54
Dodge: Dodged            |    60 |    94 |   140 ||   294
       Rpst.: Long sword |    14 |       |       ||    14

Table legend:
 A = Non-vault XP
 B = Vault XP
 C = Vault XP percentage of total XP
 D = Non-vault monster count
 E = Vault monster count
 F = Vault count percentage of total count
                 A         B        C        D         E       F
            +---------+---------+-------+---------+---------+-------
      Total |     592 |     459 |  43.7 |      65 |      17 |  20.7
            +---------+---------+-------+---------+---------+-------
        D:1 |      28 |       0 |   0.0 |      16 |       0 |   0.0
        D:2 |      79 |     213 |  72.9 |      18 |       2 |  10.0
        D:3 |      70 |     133 |  65.5 |      23 |       2 |   8.0
        D:4 |     415 |     113 |  21.4 |       8 |      13 |  61.9
            +---------+---------+-------+---------+---------+-------
